Map: 2000 Atmospheres LE

Players

A.I. 2 (Elite)

  • Race: Protoss Protoss

snakeson - Winner!

  • Race: Protoss Protoss
  • League: Diamond

VOD

Have the link to the VOD?

Description

Time

  • Played on: Feb. 1, 2022, 9 p.m.
  • Length: 8:11
Show
View Real Time Build Order
Export as new Build Order

A.I. 2 (Elite) Protoss 

Build Orders: 1 Gate Expand, Zealot Archon 

Get SALT Encoding   

  12  0:00  Probe  
  13  0:13  Probe  
  14  0:19  Pylon  
  14  0:25  Probe  
  15  0:34  Probe  
  15  0:42  Probe  
  17  0:50  Gateway  
  17  0:52  Probe  
  18  1:00  Probe  
  19  1:08  Probe  
  19  1:11  Assimilator  
  19  1:14  Pylon  
  20  1:33  Nexus  
  20  1:41  Cybernetics Core  
  20  1:44  Probe  
  21  1:51  Zealot  
  23  2:01  Probe  
  23  2:05  Gateway  
  24  2:08  Warp Gate  
  24  2:10  Probe  
  24  2:15  Pylon  
  25  2:21  Zealot  
  27  2:25  Probe  
  28  2:38  Assimilator, Probe  
  29  2:44  Probe  
  29  2:48  Adept  
  32  2:55  Adept  
  32  2:57  Probe  
  35  3:03  Pylon  
  35  3:04  Probe  
  34  3:18  Zealot  
  36  3:21  Probe  
  36  3:25  Stalker  
  36  3:38  Forge  
  36  3:45  Stalker  
  38  3:56  Probe  
  39  4:05  Gateway  
  39  4:06  Probe  
  39  4:09  Probe  
  36  4:13  Photon Cannon  
  36  4:15  Photon Cannon  
  30  4:18  Probe  
  30  4:21  Probe  
  30  4:30  Probe  
  31  4:33  Probe  
  32  4:42  Probe  
  32  4:45  Probe  
  34  4:50  Probe  
  34  4:57  Probe  
  34  4:58  Probe  
  31  5:08  Probe  
  31  5:09  Probe  
  33  5:16  Probe  
  34  5:21  Probe  
  34  5:24  Probe  
  34  5:27  Stalker  
  38  5:33  Probe  
  38  5:35  Probe  
  39  5:37  Stalker  
  38  5:45  Probe  
  38  5:47  Probe, Twilight Council  
  40  5:58  Probe  
  40  5:59  Probe  
  42  6:10  Probe  
  43  6:13  Sentry  
  43  6:17  Probe  
  45  6:18  Adept  
  45  6:23  Probe  
  47  6:27  Templar Archives  
  47  6:31  Stalker  
  45  6:36  Zealot  
  41  6:41  Stalker  
  37  6:54  Adept  
  35  6:57  Zealot  
  37  7:02  Stalker  
  33  7:14  High Templar  
  30  7:17  High Templar, Sentry  
  30  7:21  Archon  
  29  7:38  Pylon  
  29  7:39  Adept  
  29  7:40  Zealot  
Show
View Real Time Build Order
Export as new Build Order

snakeson Protoss - Winner!

Build Orders: Oracle Opening 

Get SALT Encoding   

  12  0:00  Probe  
  13  0:12  Probe  
  14  0:17  Pylon  
  14  0:27  Probe  
  15  0:39  Gateway  
  15  0:40  Probe  
  16  0:48  Assimilator  
  16  0:52  Probe  
  17  0:58  Assimilator  
  17  1:04  Probe  
  18  1:13  Gateway  
  18  1:16  Probe  
  19  1:29  Probe  
  20  1:40  Cybernetics Core  
  20  1:41  Probe  
  20  1:44  Pylon  
  21  1:53  Probe  
  22  2:07  Adept x2, Probe  
  23  2:14  Warp Gate (Chrono Boost)  
  23  2:20  Probe  
  28  2:30  Stargate  
  28  2:38  Pylon  
  28  2:40  Stalker  
  30  2:56  Stalker  
  32  3:11  Oracle (Chrono Boost)  
  32  3:17  Shield Battery  
  35  3:31  Probe  
  34  3:40  Oracle  
  34  3:43  Probe  
  34  3:46  Nexus  
  35  3:55  Twilight Council  
  35  4:03  Probe  
  36  4:27  Stalker  
  38  4:32  Pylon  
  38  4:33  Blink (Chrono Boost), Gateway  
  38  4:35  Probe  
  38  4:37  Pylon  
  39  4:50  Probe  
  40  5:02  Probe  
  38  5:08  Probe  
  39  5:15  Probe  
  39  5:16  Stalker x2  
  39  5:20  Probe  
  45  5:22  Gateway  
  45  5:27  Probe  
  46  5:32  Gateway  
  46  5:34  Gateway  
  47  5:35  Probe  
  47  5:39  Probe  
  48  5:47  Probe  
  49  5:51  Stalker x2  
  49  5:52  Stalker  
  56  5:57  Probe  
  56  5:59  Probe  
  56  6:03  Assimilator, Pylon  
  57  6:09  Probe  
  58  6:12  Probe  
  59  6:21  Probe  
  59  6:24  Probe  
  61  6:33  Probe  
  61  6:36  Probe  
  63  6:45  Probe  
  64  6:50  Stalker x5  
  64  6:51  Stalker  
  77  6:57  Assimilator  
  76  7:04  Probe  
  76  7:08  Templar Archives  
  77  7:09  Nexus  
  77  7:11  Pylon  
  75  7:19  Stalker  
  77  7:24  Pylon  
  75  7:46  Stalker x4  
  75  7:47  Stalker x2  
Tags
 
Add a new tag
Caveats
  • Supply blocks, unpowered buildings, or Contaminate may cause inaccurate times.
  • Supply counts are checked every 10 seconds.